UAA
HUNTINGTON BEACH SURF @ MYRTLE BEACH MERMEN
07/29/2018
 
TOP OF THE 1ST
Huntington Beach Surf batting - Pitching for Myrtle Beach Mermen : RHP Eric Newell
Pitching: RHP Eric Newell
Batting: RHB Warner Robinson 0-0: Ball
1-0: Foul Ball, location: 2F
1-1: Foul Ball, location: 2F
1-2: Strikes out swinging
Batting: RHB Bernardo Herrera 0-0: Ball
1-0: Called Strike
1-1: Ball
2-1: Fly out, F9 (Line Drive, 9LS)
Batting: LHB Bartolo Benítez 0-0: Called Strike
0-1: Ball
1-1: Foul Ball, location: 2F
1-2: Ball
2-2: Ball
3-2: DOUBLE (Flyball, 78D)
Batting: RHB Gilberto Patino 0-0: Called Strike
0-1: Foul Ball, location: 2F
0-2: Foul Ball, location: 2F
0-2: Foul Ball, location: 2F
0-2: Foul Ball, location: 2F
0-2: Hit by Pitch
Batting: RHB Enrique Marroquín 0-0: Called Strike
0-1: SINGLE (Line Drive, 7S)
Bartolo Benítez to third
Gilberto Patino to second
Batting: RHB Juan García 0-0: Swinging Strike
0-1: Ball
1-1: Foul Ball, location: 2F
1-2: Ball
2-2: Strikes out swinging
Top of the 1st over - 0 run(s), 2 hit(s), 0 error(s), 3 left on base; Huntington Beach 0 - Myrtle Beach 0
BOTTOM OF THE 1ST
Myrtle Beach Mermen batting - Pitching for Huntington Beach Surf : RHP Ricardo DePay
Pitching: RHP Ricardo DePay
Batting: RHB José Caballero 0-0: Ball
1-0: Ball
2-0: SOLO HOME RUN (Flyball, 7D), Distance : 361 ft
Batting: RHB António Ruíz 0-0: Ball
1-0: Ball
2-0: Foul Ball, location: 2F
2-1: Ball
3-1: Foul Ball, location: 2F
3-2: Fly out, F6 (Line Drive, 6M)
Batting: RHB Sal Haynes 0-0: SINGLE (Line Drive, 56)
Batting: SHB Avery Little 0-0: Ground out 5-3 (Groundball, 5S)
Sal Haynes to second
Batting: RHB Javier Robles 0-0: Called Strike
0-1: Ball
1-1: Ball
2-1: Ball
3-1: Base on Balls
Batting: RHB Ryan Carr 0-0: Ball
1-0: Fielders Choice at 2nd, 6-4 (Groundball, 6)
Bottom of the 1st over - 1 run(s), 2 hit(s), 0 error(s), 1 left on base; Huntington Beach 0 - Myrtle Beach 1
TOP OF THE 2ND
Huntington Beach Surf batting - Pitching for Myrtle Beach Mermen : RHP Eric Newell
Batting: RHB Dave Young 0-0: Foul Ball, location: 2F
0-1: Ball
1-1: Ball
2-1: Fly out, F7 (Line Drive, 7S)
Batting: RHB Austin Henderson 0-0: Foul Ball, location: 2F
0-1: Ball
1-1: Swinging Strike
1-2: Foul Ball, location: 2F
1-2: Ball
2-2: Fly out, F7 (Flyball, 7S)
Batting: LHB Tony Martínez 0-0: Ball
1-0: Foul Ball, location: 2F
1-1: Foul Ball, location: 2F
1-2: Ball
2-2: Foul Ball, location: 2F
2-2: Foul Ball, location: 2F
2-2: Ball
3-2: Strikes out looking
Top of the 2nd over - 0 run(s), 0 hit(s), 0 error(s), 0 left on base; Huntington Beach 0 - Myrtle Beach 1
BOTTOM OF THE 2ND
Myrtle Beach Mermen batting - Pitching for Huntington Beach Surf : RHP Ricardo DePay
Batting: LHB Eddie Flynn 0-0: Ball
1-0: Called Strike
1-1: Foul Ball, location: 2F
1-2: Foul Ball, location: 2F
1-2: Ground out 4-3 (Groundball, 4M)
Batting: SHB Val Brown 0-0: Called Strike
0-1: Ball
1-1: Ball
2-1: Ground out 4-3 (Groundball, 4)
Batting: RHB Ángelo Saldaña 0-0: Called Strike
0-1: Swinging Strike
0-2: Ball
1-2: Strikes out swinging
Bottom of the 2nd over - 0 run(s), 0 hit(s), 0 error(s), 0 left on base; Huntington Beach 0 - Myrtle Beach 1
TOP OF THE 3RD
Huntington Beach Surf batting - Pitching for Myrtle Beach Mermen : RHP Eric Newell
Batting: RHB Warner Robinson 0-0: Swinging Strike
0-1: Ball
1-1: Foul Ball, location: 2F
1-2: Ball
2-2: Ball
3-2: Foul Ball, location: 2F
3-2: Base on Balls
Batting: RHB Bernardo Herrera 0-0: Ball
1-0: Ball
2-0: Swinging Strike
2-1: Ball
3-1: Foul Ball, location: 2F
3-2: Grounds into double play, 6-4-3 (Groundball, 6)
Batting: LHB Bartolo Benítez 0-0: Fly out, F6 (Popup, 6D)
Top of the 3rd over - 0 run(s), 0 hit(s), 0 error(s), 0 left on base; Huntington Beach 0 - Myrtle Beach 1
BOTTOM OF THE 3RD
Myrtle Beach Mermen batting - Pitching for Huntington Beach Surf : RHP Ricardo DePay
Batting: RHB José Caballero 0-0: Ball
1-0: Ball
2-0: Ground out 4-3 (Groundball, 4)
Batting: RHB António Ruíz 0-0: Ball
1-0: Called Strike
1-1: Ball
2-1: Ground out 6-3 (Groundball, 6M)
Batting: RHB Sal Haynes 0-0: Foul Ball, location: 2F
0-1: Ball
1-1: Ball
2-1: Ball
3-1: Base on Balls
Batting: SHB Avery Little 0-0: Ball
1-0: Ball
2-0: Foul Ball, location: 2F
2-1: SINGLE (Line Drive, 34)
Sal Haynes to second
Runner from 2nd tries for 3rd, SAFE, throw made to third
Batting: RHB Javier Robles 0-0: Ball
1-0: Ball
2-0: Ground out 1-3 (Groundball, 23)
Bottom of the 3rd over - 0 run(s), 1 hit(s), 0 error(s), 2 left on base; Huntington Beach 0 - Myrtle Beach 1
TOP OF THE 4TH
Huntington Beach Surf batting - Pitching for Myrtle Beach Mermen : RHP Eric Newell
Batting: RHB Gilberto Patino 0-0: Fly out, F8 (Flyball, 8RS)
Batting: RHB Enrique Marroquín 0-0: Ball
1-0: Fly out, F8 (Flyball, 8LM)
Batting: RHB Juan García 0-0: Ball
1-0: Ball
2-0: Bunted foul
2-1: Swinging Strike
2-2: SINGLE (Flyball, 8LS)
Batting: RHB Dave Young 0-0: Called Strike
0-1: Ball
1-1: Ball
2-1: Foul Ball, location: 2F
2-2: Strikes out swinging
Top of the 4th over - 0 run(s), 1 hit(s), 0 error(s), 1 left on base; Huntington Beach 0 - Myrtle Beach 1
BOTTOM OF THE 4TH
Myrtle Beach Mermen batting - Pitching for Huntington Beach Surf : RHP Ricardo DePay
Batting: RHB Ryan Carr 0-0: Ball
1-0: Swinging Strike
1-1: Called Strike
1-2: Strikes out looking
Batting: LHB Eddie Flynn 0-0: Called Strike
0-1: Swinging Strike
0-2: Ball
1-2: Strikes out swinging
Batting: SHB Val Brown 0-0: Ball
1-0: Swinging Strike
1-1: Ground out 6-3 (Groundball, 6)
Bottom of the 4th over - 0 run(s), 0 hit(s), 0 error(s), 0 left on base; Huntington Beach 0 - Myrtle Beach 1
TOP OF THE 5TH
Huntington Beach Surf batting - Pitching for Myrtle Beach Mermen : RHP Eric Newell
Now in LF: Álex Rodríguez
Batting: RHB Austin Henderson 0-0: Fly out, F6 (Line Drive, 6)
Batting: LHB Tony Martínez 0-0: Foul Ball, location: 2F
0-1: Ball
1-1: Ball
2-1: Called Strike
2-2: Foul Ball, location: 2F
2-2: Ball
3-2: Base on Balls
Batting: RHB Warner Robinson 0-0: Ball
1-0: Called Strike
1-1: Ball
2-1: Foul Ball, location: 2F
2-2: Ball
3-2: Base on Balls
Tony Martínez to second
Batting: RHB Bernardo Herrera 0-0: Ball
1-0: Fly out, F8 (Flyball, 8LS)
Batting: LHB Bartolo Benítez 0-0: Called Strike
0-1: Ball
1-1: Ball
2-1: Ball
3-1: Swinging Strike
3-2: Strikes out looking
Top of the 5th over - 0 run(s), 0 hit(s), 0 error(s), 2 left on base; Huntington Beach 0 - Myrtle Beach 1
BOTTOM OF THE 5TH
Myrtle Beach Mermen batting - Pitching for Huntington Beach Surf : RHP Ricardo DePay
Batting: RHB Ángelo Saldaña 0-0: Foul Ball, location: 2F
0-1: Ground out 6-3 (Groundball, 6)
Batting: RHB José Caballero 0-0: Called Strike
0-1: Ball
1-1: Swinging Strike
1-2: Foul Ball, location: 2F
1-2: Foul Ball, location: 2F
1-2: Foul Ball, location: 2F
1-2: Strikes out looking
Batting: RHB António Ruíz 0-0: Called Strike
0-1: Ground out 4-3 (Groundball, 4)
Bottom of the 5th over - 0 run(s), 0 hit(s), 0 error(s), 0 left on base; Huntington Beach 0 - Myrtle Beach 1
TOP OF THE 6TH
Huntington Beach Surf batting - Pitching for Myrtle Beach Mermen : RHP Eric Newell
Batting: RHB Gilberto Patino 0-0: Foul Ball, location: 2F
0-1: SINGLE (Groundball, 6D)
Batting: RHB Enrique Marroquín 0-0: Ball
1-0: Ball
2-0: Ball
3-0: Base on Balls
Gilberto Patino to second
Batting: RHB Juan García 0-0: Ball
1-0: Called Strike
1-1: Swinging Strike
1-2: Ball
Passed Ball!
Gilberto Patino to third
Enrique Marroquín to second
2-2: Foul Ball, location: 2F
2-2: Ball
3-2: Foul Ball, location: 2F
3-2: Base on Balls
Pitching: LHP Jason Puckett
Batting: RHB Dave Young 0-0: Ball
1-0: Fly out, F8 (Flyball, 78M)
Runner from 3rd tags up, SCORES, throw made
Batting: RHB Austin Henderson 0-0: Foul Ball, location: 2F
0-1: Foul Ball, location: 2F
0-2: Ball
1-2: Ball
2-2: Ball
3-2: Grounds into double play, U6-3 (Groundball, 6M)
Top of the 6th over - 1 run(s), 1 hit(s), 0 error(s), 1 left on base; Huntington Beach 1 - Myrtle Beach 1
BOTTOM OF THE 6TH
Myrtle Beach Mermen batting - Pitching for Huntington Beach Surf : RHP Ricardo DePay
Batting: RHB Sal Haynes 0-0: Swinging Strike
0-1: Ball
1-1: Ball
2-1: Ground out 6-3 (Groundball, 6M)
Batting: SHB Avery Little 0-0: Called Strike
0-1: Called Strike
0-2: Ball
1-2: Strikes out swinging
Batting: RHB Javier Robles 0-0: DOUBLE (Line Drive, 89M)
Batting: RHB Álex Rodríguez 0-0: Ball
1-0: Ball
2-0: Ground out 6-3 (Groundball, 6M)
Bottom of the 6th over - 0 run(s), 1 hit(s), 0 error(s), 1 left on base; Huntington Beach 1 - Myrtle Beach 1
TOP OF THE 7TH
Huntington Beach Surf batting - Pitching for Myrtle Beach Mermen : LHP Jason Puckett
Pitching: LHP Russ Garman
Batting: LHB Tony Martínez 0-0: Called Strike
0-1: Ball
1-1: Ball
2-1: SINGLE (Groundball, 15S) (infield hit)
Pitching: RHP Kenny Ryan
Batting: RHB Warner Robinson 0-0: Bunted foul
0-1: Bunted foul
0-2: Ball
1-2: Foul Ball, location: 2F
1-2: Ball
2-2: Foul Ball, location: 2F
2-2: Fly out, F2 (Popup, 23F)
Batting: RHB Bernardo Herrera 0-0: Foul Ball, location: 2F
0-1: Ball
1-1: Ground out 6-3 (Groundball, 6S)
Tony Martínez to second
Batting: LHB Bartolo Benítez 0-0: Foul Ball, location: 2F
0-1: SINGLE (Groundball, 4MD)
Tony Martínez to third
Runner from 3rd tries for Home, SAFE, no throw or cutoff
Batting: RHB Gilberto Patino 0-0: Called Strike
0-1: Fly out, F4 (Popup, 4MS)
Top of the 7th over - 1 run(s), 2 hit(s), 0 error(s), 1 left on base; Huntington Beach 2 - Myrtle Beach 1
BOTTOM OF THE 7TH
Myrtle Beach Mermen batting - Pitching for Huntington Beach Surf : RHP Ricardo DePay
Batting: LHB Eddie Flynn 0-0: Called Strike
0-1: Ground out 4-3 (Groundball, 4)
Batting: SHB Val Brown 0-0: Swinging Strike
0-1: Ground out 6-3 (Groundball, 4M)
Batting: RHB Ángelo Saldaña 0-0: Called Strike
0-1: Ball
1-1: Called Strike
1-2: Ground out 5-3 (Groundball, 5S)
Bottom of the 7th over - 0 run(s), 0 hit(s), 0 error(s), 0 left on base; Huntington Beach 2 - Myrtle Beach 1
TOP OF THE 8TH
Huntington Beach Surf batting - Pitching for Myrtle Beach Mermen : RHP Kenny Ryan
Batting: RHB Enrique Marroquín 0-0: Called Strike
0-1: Ball
1-1: Called Strike
1-2: Strikes out swinging
Batting: RHB Juan García 0-0: Ball
1-0: Ball
2-0: Ball
3-0: Called Strike
3-1: SINGLE (Flyball, 9LS)
Pinch Hitting: SHB José Juárez 0-0: Fly out, F8 (Flyball, 8LM)
Batting: RHB Austin Henderson 0-0: Ball
Juan García is caught stealing 2nd base
Top of the 8th over - 0 run(s), 1 hit(s), 0 error(s), 0 left on base; Huntington Beach 2 - Myrtle Beach 1
BOTTOM OF THE 8TH
Myrtle Beach Mermen batting - Pitching for Huntington Beach Surf : RHP Ricardo DePay
Now at SS: Keith Hatch
Batting: RHB José Caballero 0-0: Ball
1-0: SINGLE (Groundball, 34D)
Pitching: RHP Jim Unknown
Pinch Hitting: LHB Jim Unknown 0-0: Ball
1-0: Ball
2-0: Ball
3-0: Base on Balls
José Caballero to second
Pinch Hitting: RHB Jim Unknown 0-0: Ball
1-0: Fly out, F4 (Line Drive, 4)
Pinch Hitting: RHB Matt Fisher 0-0: Ball
1-0: Ball
2-0: Ball
3-0: Base on Balls
José Caballero to third
Jim Unknown to second
Pinch Hitting: LHB Jim Unknown 0-0: Ball
Wild Pitch!
José Caballero scores
Jim Unknown to third
Matt Fisher to second
1-0: Foul Ball, location: 2F
1-1: SINGLE (Line Drive, 6D)
Jim Unknown scores
Matt Fisher to third
Runner from 3rd tries for Home, SAFE, throw made home
Pitching: RHP Robert Bell
Batting: RHB Álex Rodríguez 0-0: Swinging Strike
0-1: Ball
1-1: Ball
2-1: Foul Ball, location: 2F
2-2: Foul Ball, location: 2F
2-2: 2-RUN HOME RUN (Flyball, 78XD), Distance : 384 ft
Batting: LHB Eddie Flynn 0-0: Called Strike
0-1: Ball
1-1: Ball
2-1: Ground out 4-3 (Groundball, 34)
Batting: SHB Val Brown 0-0: Called Strike
0-1: Swinging Strike
0-2: Strikes out looking
Bottom of the 8th over - 5 run(s), 3 hit(s), 0 error(s), 0 left on base; Huntington Beach 2 - Myrtle Beach 6
TOP OF THE 9TH
Huntington Beach Surf batting - Pitching for Myrtle Beach Mermen : RHP Kenny Ryan
Now at 1B: Jim Unknown
Now at 2B: Jim Unknown
Now at 3B: Joe Adams
Now in RF: Jim Unknown
Batting: RHB Austin Henderson 0-0: Ball
1-0: Ground out 4-3 (Groundball, 4)
Batting: LHB Tony Martínez 0-0: Fly out, F5 (Popup, 5F)
Batting: RHB Warner Robinson 0-0: Ball
1-0: Ball
2-0: Foul Ball, location: 2F
2-1: Swinging Strike
2-2: Foul Ball, location: 2F
2-2: Ball
3-2: Strikes out swinging
Top of the 9th over - 0 run(s), 0 hit(s), 0 error(s), 0 left on base; Huntington Beach 2 - Myrtle Beach 6
This league is powered by Out of the Park Baseball, the baseball management simulation game for PC, Mac and Linux
Monday, May 4th, 2015 - OOTP Baseball 15.6 Build 34